 Dungeon Crawl Stone Soup version 0.25.1-2-g60ff931df9 (webtiles) character file.

Game seed: 10771046007749422307

92 Johnny the Poker (level 4, -3/55 HPs)
             Began as a Demigod Gladiator on Aug 20, 2020.
             Slain by a centaur skeleton (5 damage)
             ... on level 4 of the Dungeon.
             The game lasted 00:01:12 (1384 turns).

Johnny the Poker (Demigod Gladiator)                Turns: 1384, Time: 00:01:12

Health: -3/55      AC: 22    Str: 19    XL:     4   Next: 13%
Magic:  6/6        EV:  2    Int: 12    God:
Gold:   44         SH:  0    Dex: 17    Spells: 3/3 levels left

rFire    + . .     SeeInvis .   a - +0 trident
rCold    . . .     Gourm    .   (no shield)
rNeg     + + +     Faith    .   (armour currently unavailable)
rPois    +         Spirit   .   (helmet currently unavailable)
rElec    .         Reflect  .   (cloak currently unavailable)
rCorr    .         Harm     .   (gloves currently unavailable)
MR       .....     NoTele   +   (boots currently unavailable)
Stlth    ++........             (no amulet)
HPRegen  0.18/turn              h - ring of protection from fire
MPRegen  0.10/turn              (no ring)

@: brilliant, tree-form, stab, very slightly contaminated, invisible
A: high mp 1
a: no special abilities


You were on level 4 of the Dungeon.
You were not hungry.
You were a tree.
You visited 1 branch of the dungeon, and saw 3 of its levels.

You collected 44 gold pieces.

Inventory:

Hand Weapons
 a - a +0 trident (weapon)
Missiles
 d - a throwing net (quivered)
Armour
 b - a +0 leather armour (melded)
 c - a +0 helmet (melded)
Jewellery
 h - a ring of protection from fire (left branch)
Scrolls
 e - 3 scrolls of identify {unknown}
Potions
 l - a potion of invisibility
Comestibles
 f - 2 rations


   Skills:
 + Level 2.7 Fighting
 * Level 4.2 Polearms
 - Level 1.7 Throwing
 - Level 2.6 Dodging


You had 3 spell levels left.
You didn't know any spells.
Your spell library was empty.

Dungeon Overview and Level Annotations

Branches:
Dungeon (2/15)


Innate Abilities, Weirdness & Mutations

You have an increased reservoir of magic. (+10% MP)


Message History

You are very lightly contaminated with residual magic.
Unknown command.
It was a potion of brilliance.
You feel clever all of a sudden. The adder skeleton barely misses you.
The centaur skeleton completely misses you.
Unknown command.
It was a potion of lignification.
You turn into a tree.
Your +0 helmet melds into your body.
Your +0 leather armour melds into your body.
Your roots penetrate the ground.
The centaur skeleton hits you but does no damage.
The adder skeleton bites you.
* * * LOW HITPOINT WARNING * * *
It was a potion of stabbing.
You feel ready to backstab.
The centaur skeleton hits you but does no damage.
The adder skeleton bites you but does no damage.
The centaur skeleton hits you.
You die...

#.....
###
#.....
...
.....#..
#...#..
.....
... #Z#
#♣# #Z#
#.# #.#
#.. ...
.## .


You could see an adder skeleton and a centaur skeleton.

Vanquished Creatures
  A worker ant (D:4)
  2 adders (D:2)
  A shadow imp (D:4)
  A worm (D:2)
  2 dart slugs
  An orc (D:4)
  2 bats
  9 goblins
  3 hobgoblins
  3 kobolds (D:1)
  A quokka (D:2)
  A frilled lizard (D:2)
  6 rats (D:1)
33 creatures vanquished.

Notes
Turn   | Place    | Note
-------+----------+-------------------------------------------
     0 | D:1      | Johnny the Demigod Gladiator began the quest for the Orb.
     0 | D:1      | Reached XP level 1. HP: 17/17 MP: 3/3
   146 | D:1      | Reached skill level 3 in Polearms
   181 | D:1      | Reached XP level 2. HP: 14/24 MP: 4/4
   495 | D:1      | You fall into a shaft and drop 1 floor!
   983 | D:2      | Reached XP level 3. HP: 27/30 MP: 5/5
  1361 | D:2      | You fall into a shaft and drop 2 floors!
  1375 | D:4      | Reached skill level 4 in Polearms
  1375 | D:4      | Reached XP level 4. HP: 14/37 MP: 6/6
  1380 | D:4      | HP: 1/37 [adder skeleton (1)]
  1384 | D:4      | Slain by a centaur skeleton

Illustrated notes

Levels and vault maps discovered:
D:1:      minmay_arrival_four_loops, layout_basic, serial_curves,
          eino_curves_04, eino_curves_01
D:2:      layout_loops_ring, grunt_temple_overflow_order_and_chaos_2,
          nicolae_overflow_hidden_temple, grunt_gozag_statues,
          minmay_tetromino_t4
D:4:      layout_loops_ring, overflow_temple_1_default,
          kennysheep_okawaru_gauntlet, kennysheep_slug_shrine,
          portal_sewer_entry_e, uniq_duvessa

Skill      XL: |  1  2  3 |
---------------+----------+-----
Fighting       | 2 |  2.7
Polearms       | 3 4 |  4.2
Throwing       | |  1.7
Dodging        | |  2.6

Action                   |  1- 3 |  4- 6 || total
-------------------------+-------+-------++-------
Melee: Trident           |   111 |     5 ||   116
Throw: Throwing net      |     2 |       ||     2
  Use: Potion            |       |     4 ||     4
 Stab: Sleeping          |     2 |       ||     2
       Held in net/web   |     1 |       ||     1
  Eat: Chunk             |     2 |       ||     2
Armor: Leather armour    |    16 |     2 ||    18
       Skin              |       |     3 ||     3
Dodge: Dodged            |    67 |    12 ||    79
